TOP OF THE 1ST |
Colorado Springs Sky Sox batting - Pitching for Oklahoma City Dodgers : RHP John Bialon
|
Pitching: RHP John Bialon
|
|
Batting: LHB Steve Gilliam
|
0-0: Ball 1-0: Ball 2-0: Called Strike 2-1: Swinging Strike 2-2: Strikes out swinging
|
Batting: RHB Matviy Oliynyk
|
0-0: Ball 1-0: Ball 2-0: Ball 3-0: Base on Balls
|
Batting: LHB Kyle Schaible
|
0-0: DOUBLE (Flyball, 89D, EV 92.5 MPH) Matviy Oliynyk to third Runner from 3rd tries for Home, SAFE, throw by RF to home
|
Batting: SHB Chris Besselman
|
0-0: Ball 1-0: Ball 2-0: Foul Ball, location: 2F 2-1: Foul Ball, location: 2F 2-2: Strikes out swinging
|
Batting: LHB Luke Coulter
|
0-0: Called Strike 0-1: Ball 1-1: Ball 2-1: SINGLE (Line Drive, 6D, EV 105.0 MPH) Kyle Schaible to third
|
Batting: RHB Pei Xie
|
0-0: Ball 1-0: Ball 2-0: DOUBLE (Line Drive, 5D, EV 98.8 MPH) Kyle Schaible scores Luke Coulter to third Runner from 3rd tries for Home, SAFE, throw by LF to trailing runner, SAFE at third!
|
Batting: LHB Nick Martin
|
0-0: Ball 1-0: Swinging Strike 1-1: Swinging Strike 1-2: SINGLE (Line Drive, 8LS, EV 105.6 MPH) Pei Xie scores
|
Batting: RHB Zakhar Edelman
|
0-0: Ball 1-0: Called Strike 1-1: SINGLE (Groundball, 4MD, EV 83.8 MPH) (infield hit) Nick Martin to second
|
Batting: RHB Kevin Tangeman
|
0-0: Ball 1-0: Foul Ball, location: 2F 1-1: Fielders Choice at 2nd, 6-4 (Groundball, 6, EV 104.4 MPH)
|
Top of the 1st over - 4 runs, 5 hits, 0 errors, 2 left on base; Colorado Springs 4 - Oklahoma City 0 |
BOTTOM OF THE 1ST |
Oklahoma City Dodgers batting - Pitching for Colorado Springs Sky Sox : LHP Armando Florez
|
Pitching: LHP Armando Florez
|
|
Batting: RHB Jose Ramirez
|
0-0: Called Strike 0-1: Foul Ball, location: 2F 0-2: Ball 1-2: Ground out 1-3 (Groundball, 13, EV 67.5 MPH)
|
Batting: RHB Theo Schepers
|
0-0: Called Strike 0-1: Ground out 5-3 (Groundball, 56, EV 105.6 MPH)
|
Batting: RHB Carlos Gonzalez
|
0-0: Called Strike 0-1: Foul Ball, location: 2F 0-2: Ball 1-2: Ball 2-2: Ball 3-2: SOLO HOME RUN (Flyball, 9D, EV 97.5 MPH), Distance : 378 ft
|
Batting: LHB Steve Pond
|
0-0: Called Strike 0-1: Foul Ball, location: 2F 0-2: Ball 1-2: Strikes out swinging
|
Bottom of the 1st over - 1 run, 1 hit, 0 errors, 0 left on base; Colorado Springs 4 - Oklahoma City 1 |
TOP OF THE 2ND |
Colorado Springs Sky Sox batting - Pitching for Oklahoma City Dodgers : RHP John Bialon
|
Batting: LHB Steve Gilliam
|
0-0: Ball 1-0: Called Strike 1-1: Foul Ball, location: 2F 1-2: Ball 2-2: Ground out 5-3 (Groundball, 56S, EV 67.5 MPH)
|
Batting: RHB Matviy Oliynyk
|
0-0: Called Strike 0-1: Called Strike 0-2: Foul Ball, location: 2F 0-2: Ball 1-2: Ball 2-2: Fly out, F8 (Flyball, 8RXD, EV 90.0 MPH)
|
Batting: LHB Kyle Schaible
|
0-0: Called Strike 0-1: TRIPLE (Flyball, 89XD, EV 108.8 MPH)
|
Batting: SHB Chris Besselman
|
0-0: Ball 1-0: Called Strike 1-1: Called Strike 1-2: Foul Ball, location: 2F 1-2: Ball 2-2: Ball 3-2: Base on Balls
|
Batting: LHB Luke Coulter
|
0-0: Fly out, F9 (Line Drive, 9S, EV 98.8 MPH)
|
Top of the 2nd over - 0 runs, 1 hit, 0 errors, 2 left on base; Colorado Springs 4 - Oklahoma City 1 |
BOTTOM OF THE 2ND |
Oklahoma City Dodgers batting - Pitching for Colorado Springs Sky Sox : LHP Armando Florez
|
Batting: RHB Alex Cid
|
0-0: Ball 1-0: Foul Ball, location: 2F 1-1: Swinging Strike 1-2: Fly out, F9 (Flyball, 9D, EV 103.1 MPH)
|
Batting: LHB Tore Bosch
|
0-0: Fly out, F8 (Flyball, 8LXD, EV 96.9 MPH)
|
Batting: RHB Jonathan Kirsch
|
0-0: Ball 1-0: Ball 2-0: Ball 3-0: Called Strike 3-1: Base on Balls
|
Batting: RHB Rick Pittman
|
0-0: Called Strike 0-1: Fly out, F7 (Line Drive, 7S, EV 104.4 MPH)
|
Bottom of the 2nd over - 0 runs, 0 hits, 0 errors, 1 left on base; Colorado Springs 4 - Oklahoma City 1 |
TOP OF THE 3RD |
Colorado Springs Sky Sox batting - Pitching for Oklahoma City Dodgers : RHP John Bialon
|
Batting: RHB Pei Xie
|
0-0: Called Strike 0-1: Ball 1-1: Swinging Strike 1-2: Ball 2-2: Strikes out looking
|
Batting: LHB Nick Martin
|
0-0: Swinging Strike 0-1: Foul Ball, location: 2F 0-2: Single, Error in OF, E7, batter to second base (Line Drive, 7LM, EV 96.9 MPH)
|
Batting: RHB Zakhar Edelman
|
0-0: Foul Ball, location: 2F 0-1: Called Strike 0-2: Ball 1-2: Ball 2-2: Ground out 4-3 (Groundball, 4, EV 101.2 MPH) Nick Martin to third
|
Batting: RHB Kevin Tangeman
|
0-0: Foul Ball, location: 2F 0-1: Swinging Strike 0-2: Fly out, F8 (Flyball, 8LM, EV 85.6 MPH)
|
Top of the 3rd over - 0 runs, 1 hit, 1 error, 1 left on base; Colorado Springs 4 - Oklahoma City 1 |
BOTTOM OF THE 3RD |
Oklahoma City Dodgers batting - Pitching for Colorado Springs Sky Sox : LHP Armando Florez
|
Batting: LHB Doug Frampton
|
0-0: Ball 1-0: Ball 2-0: Ball 3-0: Called Strike 3-1: Ground out 5-3 (Groundball, 56, EV 103.8 MPH)
|
Batting: RHB Jose Ramirez
|
0-0: Ground out 6-3 (Groundball, 56D, EV 86.2 MPH)
|
Batting: RHB Theo Schepers
|
0-0: Ball 1-0: Ball 2-0: Ball 3-0: Called Strike 3-1: DOUBLE (Line Drive, 7LM, EV 99.4 MPH)
|
Batting: RHB Carlos Gonzalez
|
0-0: SINGLE (Groundball, 6D, EV 97.5 MPH) Theo Schepers to third Runner from 3rd tries for Home, SAFE, throw by LF to home
|
Batting: LHB Steve Pond
|
0-0: Ball 1-0: Ball 2-0: Ball 3-0: Base on Balls Carlos Gonzalez to second
|
Batting: RHB Alex Cid
|
0-0: Called Strike 0-1: Called Strike 0-2: Foul Ball, location: 2F 0-2: Strikes out looking
|
Bottom of the 3rd over - 1 run, 2 hits, 0 errors, 2 left on base; Colorado Springs 4 - Oklahoma City 2 |
TOP OF THE 4TH |
Colorado Springs Sky Sox batting - Pitching for Oklahoma City Dodgers : RHP John Bialon
|
Batting: LHB Steve Gilliam
|
0-0: Called Strike 0-1: Foul Ball, location: 2F 0-2: Foul Ball, location: 2F 0-2: Ball 1-2: Strikes out swinging
|
Batting: RHB Matviy Oliynyk
|
0-0: SINGLE (Line Drive, 7LS, EV 110.6 MPH)
|
Batting: LHB Kyle Schaible
|
0-0: Foul Ball, location: 2F 0-1: Foul Ball, location: 2F 0-2: Ball 1-2: Foul Ball, location: 2F 1-2: Ball 2-2: Ball 3-2: Base on Balls Matviy Oliynyk to second
|
Batting: SHB Chris Besselman
|
0-0: Foul Ball, location: 2F 0-1: Ball 1-1: Ball 2-1: Grounds into double play, 3-6-3 (Groundball, 34S, EV 90.0 MPH)
|
Top of the 4th over - 0 runs, 1 hit, 0 errors, 1 left on base; Colorado Springs 4 - Oklahoma City 2 |
BOTTOM OF THE 4TH |
Oklahoma City Dodgers batting - Pitching for Colorado Springs Sky Sox : LHP Armando Florez
|
Batting: LHB Tore Bosch
|
0-0: Ground out 6-3 (Groundball, 6, EV 86.9 MPH)
|
Batting: RHB Jonathan Kirsch
|
0-0: Ball 1-0: Called Strike 1-1: Swinging Strike 1-2: Strikes out swinging
|
Batting: RHB Rick Pittman
|
0-0: Ball 1-0: Swinging Strike 1-1: Foul Ball, location: 2F 1-2: Strikes out looking
|
Bottom of the 4th over - 0 runs, 0 hits, 0 errors, 0 left on base; Colorado Springs 4 - Oklahoma City 2 |
TOP OF THE 5TH |
Colorado Springs Sky Sox batting - Pitching for Oklahoma City Dodgers : RHP John Bialon
|
Batting: LHB Luke Coulter
|
0-0: DOUBLE (Line Drive, 8LXD, EV 101.9 MPH)
|
Batting: RHB Pei Xie
|
0-0: Ground out U3 (Groundball, 34S, EV 82.5 MPH) Luke Coulter to third
|
Batting: LHB Nick Martin
|
0-0: Called Strike 0-1: Ground out 5-3 (Groundball, 5, EV 83.8 MPH)
|
Batting: RHB Zakhar Edelman
|
0-0: Fly out, F2 (Popup, 23F, EV 90.0 MPH)
|
Top of the 5th over - 0 runs, 1 hit, 0 errors, 1 left on base; Colorado Springs 4 - Oklahoma City 2 |
BOTTOM OF THE 5TH |
Oklahoma City Dodgers batting - Pitching for Colorado Springs Sky Sox : LHP Armando Florez
|
Batting: LHB Doug Frampton
|
0-0: Ball 1-0: Fly out, F7 (Flyball, 78M, EV 87.5 MPH)
|
Batting: RHB Jose Ramirez
|
0-0: Ball 1-0: Ball 2-0: Called Strike 2-1: Fly out, F5 (Popup, 56S, EV 69.4 MPH)
|
Batting: RHB Theo Schepers
|
0-0: Called Strike 0-1: Called Strike 0-2: Strikes out swinging
|
Bottom of the 5th over - 0 runs, 0 hits, 0 errors, 0 left on base; Colorado Springs 4 - Oklahoma City 2 |
TOP OF THE 6TH |
Colorado Springs Sky Sox batting - Pitching for Oklahoma City Dodgers : RHP John Bialon
|
Batting: RHB Kevin Tangeman
|
0-0: Ball 1-0: Called Strike 1-1: Ball 2-1: Ball 3-1: Ground out 5-3 (Groundball, 56, EV 86.9 MPH)
|
Batting: LHB Steve Gilliam
|
0-0: Called Strike 0-1: Ball 1-1: Swinging Strike 1-2: Foul Ball, location: 2F 1-2: Ball 2-2: SINGLE (Groundball, 25, EV 68.8 MPH) (infield hit)
|
Pitching: RHP Paulo Guincho
|
|
Batting: RHB Matviy Oliynyk
|
0-0: Called Strike 0-1: Ball 1-1: Swinging Strike 1-2: Strikes out swinging
|
Batting: LHB Kyle Schaible
|
0-0: Reached on error, E4 (Groundball, 34, EV 98.1 MPH) Steve Gilliam to third
|
Batting: SHB Chris Besselman
|
0-0: SINGLE (Groundball, 3D, EV 97.5 MPH) Steve Gilliam scores Kyle Schaible to third Runner from 3rd tries for Home, SAFE, throw by RF to home Chris Besselman to second
|
Batting: LHB Luke Coulter
|
0-0: Ball 1-0: Ball 2-0: Called Strike 2-1: Foul Ball, location: 2F 2-2: Foul Ball, location: 2F 2-2: SINGLE (Groundball, 4MD, EV 97.5 MPH) Chris Besselman to third
|
Batting: RHB Pei Xie
|
0-0: Called Strike 0-1: Swinging Strike 0-2: Ground out 6-3 (Groundball, 6S, EV 92.5 MPH)
|
Top of the 6th over - 2 runs, 3 hits, 1 error, 2 left on base; Colorado Springs 6 - Oklahoma City 2 |
BOTTOM OF THE 6TH |
Oklahoma City Dodgers batting - Pitching for Colorado Springs Sky Sox : LHP Armando Florez
|
Batting: RHB Carlos Gonzalez
|
0-0: Called Strike 0-1: DOUBLE (Flyball, 8LXD, EV 93.1 MPH)
|
Batting: LHB Steve Pond
|
0-0: Called Strike 0-1: Called Strike 0-2: Ball 1-2: Ball 2-2: Foul Ball, location: 2F 2-2: Strikes out swinging
|
Batting: RHB Alex Cid
|
0-0: Ball 1-0: Reached on error, E6 (Groundball, 6, EV 87.5 MPH) Carlos Gonzalez scores
|
Batting: LHB Tore Bosch
|
0-0: Ball 1-0: Fly out, F7 (Line Drive, 7LM, EV 95.0 MPH)
|
Batting: RHB Jonathan Kirsch
|
0-0: Fly out, F9 (Flyball, 9, EV 83.1 MPH)
|
Bottom of the 6th over - 1 run, 1 hit, 1 error, 1 left on base; Colorado Springs 6 - Oklahoma City 3 |
TOP OF THE 7TH |
Colorado Springs Sky Sox batting - Pitching for Oklahoma City Dodgers : RHP Paulo Guincho
|
Batting: LHB Nick Martin
|
0-0: Foul Ball, location: 2F 0-1: Fly out, F9 (Flyball, 89M, EV 82.5 MPH)
|
Batting: RHB Zakhar Edelman
|
0-0: Foul Ball, location: 2F 0-1: Swinging Strike 0-2: Strikes out swinging
|
Batting: RHB Kevin Tangeman
|
0-0: Foul Ball, location: 2F 0-1: Ball 1-1: Ground out 5-3 (Groundball, 5L, EV 83.1 MPH)
|
Top of the 7th over - 0 runs, 0 hits, 0 errors, 0 left on base; Colorado Springs 6 - Oklahoma City 3 |
BOTTOM OF THE 7TH |
Oklahoma City Dodgers batting - Pitching for Colorado Springs Sky Sox : LHP Armando Florez
|
Batting: RHB Rick Pittman
|
0-0: Called Strike 0-1: DOUBLE (Flyball, 8LXD, EV 105.0 MPH)
|
Batting: LHB Doug Frampton
|
0-0: Ball 1-0: Ball 2-0: Ball 3-0: Called Strike 3-1: 2-RUN HOME RUN (Flyball, 89XD, EV 100.0 MPH), Distance : 389 ft
|
Pitching: RHP Davon Ware
|
|
Batting: RHB Jose Ramirez
|
0-0: Ball 1-0: Called Strike 1-1: SINGLE (Line Drive, 9S, EV 92.5 MPH)
|
Batting: RHB Theo Schepers
|
0-0: Bunted foul 0-1: Sac Bunt to 15S - play at first, batter OUT! 1-3 Jose Ramirez to second
|
Batting: RHB Carlos Gonzalez
|
0-0: Called Strike 0-1: Called Strike 0-2: SINGLE (Flyball, 8RS, EV 99.4 MPH) Jose Ramirez to third Runner from 3rd tries for Home, SAFE, throw by CF to home
|
Batting: LHB Steve Pond
|
0-0: Called Strike 0-1: Ball 1-1: Foul Ball, location: 2F 1-2: Ball Wild Pitch! Carlos Gonzalez to second 2-2: Foul Ball, location: 2F 2-2: Foul Ball, location: 2F 2-2: Strikes out looking
|
Batting: RHB Alex Cid
|
0-0: Ball 1-0: Foul Ball, location: 2F 1-1: Ball 2-1: Foul Ball, location: 2F 2-2: Strikes out swinging
|
Bottom of the 7th over - 3 runs, 4 hits, 0 errors, 1 left on base; Colorado Springs 6 - Oklahoma City 6 |
TOP OF THE 8TH |
Colorado Springs Sky Sox batting - Pitching for Oklahoma City Dodgers : RHP Paulo Guincho
|
Batting: LHB Steve Gilliam
|
0-0: Ball 1-0: Called Strike 1-1: Ball 2-1: Swinging Strike 2-2: Strikes out looking
|
Pinch Hitting: LHB Mick Tucker
|
0-0: Foul Ball, location: 2F 0-1: Ground out 6-3 (Groundball, 6, EV 105.0 MPH)
|
Batting: LHB Kyle Schaible
|
0-0: Ball 1-0: Ground out U3 (Groundball, 3, EV 81.2 MPH)
|
Top of the 8th over - 0 runs, 0 hits, 0 errors, 0 left on base; Colorado Springs 6 - Oklahoma City 6 |
BOTTOM OF THE 8TH |
Oklahoma City Dodgers batting - Pitching for Colorado Springs Sky Sox : RHP Davon Ware
|
Pitching: LHP Eric Zielinski
|
|
Now at 1B: Mick Tucker
|
|
Batting: LHB Tore Bosch
|
0-0: Ball 1-0: Fly out, F8 (Flyball, 8LD, EV 77.5 MPH)
|
Batting: RHB Jonathan Kirsch
|
0-0: Called Strike 0-1: Fly out, F7 (Flyball, 78M, EV 88.1 MPH)
|
Batting: RHB Rick Pittman
|
0-0: Ball 1-0: Ground out 4-3 (Groundball, 34, EV 107.5 MPH)
|
Bottom of the 8th over - 0 runs, 0 hits, 0 errors, 0 left on base; Colorado Springs 6 - Oklahoma City 6 |
TOP OF THE 9TH |
Colorado Springs Sky Sox batting - Pitching for Oklahoma City Dodgers : RHP Paulo Guincho
|
Pitching: RHP Jared Wisham
|
|
Batting: SHB Chris Besselman
|
0-0: Called Strike 0-1: Ball 1-1: Called Strike 1-2: Foul Ball, location: 2F 1-2: Ball 2-2: Strikes out swinging
|
Batting: LHB Luke Coulter
|
0-0: Ball 1-0: Foul Ball, location: 2F 1-1: SINGLE (Groundball, 34S, EV 71.2 MPH) (infield hit)
|
Pinch Hitting: RHB Eric Delgado
|
0-0: Fly out, F7 (Line Drive, 78M, EV 88.8 MPH)
|
Batting: LHB Nick Martin
|
0-0: Called Strike 0-1: Called Strike 0-2: Strikes out swinging
|
Top of the 9th over - 0 runs, 1 hit, 0 errors, 1 left on base; Colorado Springs 6 - Oklahoma City 6 |
BOTTOM OF THE 9TH |
Oklahoma City Dodgers batting - Pitching for Colorado Springs Sky Sox : LHP Eric Zielinski
|
DELAY
|
Rain delay of 23 minutes in the 9th inning.
|
Pitching: RHP Jim Micaletti
|
|
Now at SS: Eric Delgado
|
|
Batting: LHB Doug Frampton
|
0-0: Ball 1-0: Ball 2-0: Ground out 5-3 (Groundball, 5S, EV 83.8 MPH)
|
Batting: RHB Jose Ramirez
|
0-0: Ball 1-0: Ball 2-0: Ball 3-0: Called Strike 3-1: Base on Balls
|
Batting: RHB Theo Schepers
|
0-0: Ball Jose Ramirez is caught stealing 2nd base 2-4 1-0: Foul Ball, location: 2F 1-1: Ball 2-1: Ball 3-1: Ground out 4-3 (Groundball, 4, EV 80.0 MPH)
|
Bottom of the 9th over - 0 runs, 0 hits, 0 errors, 0 left on base; Colorado Springs 6 - Oklahoma City 6 |
TOP OF THE 10TH |
Colorado Springs Sky Sox batting - Pitching for Oklahoma City Dodgers : RHP Jared Wisham
|
Batting: RHB Zakhar Edelman
|
0-0: Ball 1-0: Called Strike 1-1: Called Strike 1-2: Foul Ball, location: 2F 1-2: Ball 2-2: SINGLE (Groundball, 6M, EV 101.9 MPH) (infield hit)
|
Batting: RHB Kevin Tangeman
|
0-0: Sac Bunt to 15 - play at first, batter OUT! 1-3 Zakhar Edelman to second
|
Batting: LHB Steve Gilliam
|
0-0: Ball 1-0: Ball 2-0: SINGLE (Groundball, 56S, EV 65.6 MPH) (infield hit) Zakhar Edelman to third
|
Batting: LHB Mick Tucker
|
0-0: Ball 1-0: Foul Ball, location: 2F 1-1: Called Strike 1-2: Strikes out swinging
|
Batting: LHB Kyle Schaible
|
0-0: Ball 1-0: Ball 2-0: Fly out, F9 (Flyball, 9LM, EV 97.5 MPH)
|
Top of the 10th over - 0 runs, 2 hits, 0 errors, 2 left on base; Colorado Springs 6 - Oklahoma City 6 |
BOTTOM OF THE 10TH |
Oklahoma City Dodgers batting - Pitching for Colorado Springs Sky Sox : RHP Jim Micaletti
|
Pitching: RHP Manny Lebron
|
|
Batting: RHB Carlos Gonzalez
|
0-0: Ball 1-0: Called Strike 1-1: Foul Ball, location: 2F 1-2: Ground out 5-3 (Groundball, 56S, EV 90.0 MPH)
|
Batting: LHB Steve Pond
|
0-0: Called Strike 0-1: Called Strike 0-2: Ball 1-2: Strikes out looking
|
Batting: RHB Alex Cid
|
0-0: Ball 1-0: Called Strike 1-1: Foul Ball, location: 2F 1-2: Strikes out swinging
|
Bottom of the 10th over - 0 runs, 0 hits, 0 errors, 0 left on base; Colorado Springs 6 - Oklahoma City 6 |
TOP OF THE 11TH |
Colorado Springs Sky Sox batting - Pitching for Oklahoma City Dodgers : RHP Jared Wisham
|
Pitching: RHP Miguel Martinez
|
|
Batting: SHB Chris Besselman
|
0-0: Called Strike 0-1: Foul Ball, location: 2F 0-2: Ground out 6-3 (Groundball, 6M, EV 86.2 MPH)
|
Batting: LHB Luke Coulter
|
0-0: Ball 1-0: Called Strike 1-1: Ball 2-1: Ball 3-1: Foul Ball, location: 2F 3-2: Ground out 6-3 (Groundball, 6, EV 84.4 MPH)
|
Batting: RHB Eric Delgado
|
0-0: Ball 1-0: Foul Ball, location: 2F 1-1: Ball 2-1: Ball 3-1: Foul Ball, location: 2F 3-2: Reached on error, E6 (Groundball, 6, EV 78.8 MPH)
|
Batting: LHB Nick Martin
|
0-0: Ball 1-0: Ball 2-0: Ball 3-0: Called Strike 3-1: SINGLE (Groundball, 34S, EV 69.4 MPH) (infield hit) Eric Delgado to third
|
Batting: RHB Zakhar Edelman
|
0-0: Swinging Strike 0-1: SINGLE (Line Drive, 9LS, EV 91.9 MPH) Eric Delgado scores Nick Martin to second Runner from 2nd tries for 3rd, SAFE, throw by RF made to third
|
Batting: RHB Kevin Tangeman
|
0-0: Called Strike 0-1: Swinging Strike 0-2: Strikes out swinging
|
Top of the 11th over - 1 run, 2 hits, 1 error, 2 left on base; Colorado Springs 7 - Oklahoma City 6 |
BOTTOM OF THE 11TH |
Oklahoma City Dodgers batting - Pitching for Colorado Springs Sky Sox : RHP Manny Lebron
|
Batting: LHB Tore Bosch
|
0-0: Called Strike 0-1: Ball 1-1: Ground out 4-3 (Groundball, 13, EV 88.1 MPH)
|
Batting: RHB Jonathan Kirsch
|
0-0: Ball 1-0: Called Strike 1-1: Foul Ball, location: 2F 1-2: Ball 2-2: Fly out, F8 (Flyball, 8RXD, EV 103.8 MPH)
|
Batting: RHB Rick Pittman
|
0-0: Foul Ball, location: 2F 0-1: Ball 1-1: Ground out 6-3 (Groundball, 56S, EV 78.8 MPH)
|
Bottom of the 11th over - 0 runs, 0 hits, 0 errors, 0 left on base; Colorado Springs 7 - Oklahoma City 6 |
|